 Dungeon Crawl Stone Soup version 0.30-a0-748-ge6a52f7cba (webtiles) character file.

Game seed: 12940614820598830300

1114 runemasterragnar the Ruffian (level 8, -9/80 HPs)
             Began as a Troll Delver on Feb 8, 2023.
             Mangled by a gnoll
             ... wielding a +0 halberd
             ... led by a gnoll sergeant
              (13 damage)
             ... on level 6 of the Dungeon.
             The game lasted 00:02:47 (2489 turns).

runemasterragnar the Ruffian (Troll Delver)         Turns: 2489, Time: 00:02:48

Health: -9/80      AC:  4    Str: 25 (28) XL:     8   Next: 12%
Magic:  7/7        EV: 10    Int:  4 (6)  God:
Gold:   183        SH:  0    Dex:  9 (11) Spells: 7/7 levels left

rFire   . . .      SeeInvis .      - Unarmed
rCold   + + .      Faith    .    (no shield)
rNeg    + . .      Spirit   .    q - +0 robe {rC+}
rPois   .          Reflect  .    (helmet restricted)
rElec   .          Harm     .    (no cloak)
rCorr   .          Rampage  .    (gloves unavailable)
Will    +....                    (boots unavailable)
Stlth   ++                       (no amulet)
HPRegen 1.13/turn                l - ring of willpower
MPRegen 0.10/turn                m - ring "Kufealay" {rC+ rN+ Str+5}

@: hasted, very quick
A: large, unfitting armour, claws 3, regeneration 1, shaggy fur 1, tough skin 1
a: no special abilities


You were on level 6 of the Dungeon.
You visited 2 branches of the dungeon, and saw 5 of its levels.

You collected 183 gold pieces.

Inventory:

Armour
 a - a +0 robe
 j - a scarf of shadows
 q - a +0 robe of cold resistance (worn)
Jewellery
 l - a ring of willpower (left claw)
 m - the ring "Kufealay" (right claw) {rC+ rN+ Str+5}
   (You found it on level 4 of the Dungeon)

   [ring of positive energy]

   Str:       It affects your strength (+5).
   rC:        It protects you from cold.
   rN:        It protects you from negative energy.
Wands
 f - a wand of digging (3)
Scrolls
 b - a scroll of fog
 c - 2 scrolls of magic mapping
 d - 3 scrolls of fear
 h - 3 scrolls of enchant armour {unknown}
 i - a scroll of noise {unknown}
 k - 2 scrolls of identify {unknown}
 p - a scroll of vulnerability {unknown}


   Skills:
 + Level 5.1 Fighting
 + Level 4.7 Dodging
 - Level 2.9 Stealth
 + Level 5.7 Unarmed Combat


You had 7 spell levels left.
You didn't know any spells.
Your spell library contained the following spells:

 Spells                   Type           Power      Damage    Failure   Level
 Foxfire                  Conj/Fire      0%         2x1d4     50%         1
 Slow                     Hex            0%         N/A       50%         1
 Confusing Touch          Hex            0%         N/A       86%         3
 Vampiric Draining        Necr           0%         2d6       86%         3
 Fireball                 Conj/Fire      0%         3d3       100%        5
 Starburst                Conj/Fire      0%         6d3       100%        6


Dungeon Overview and Level Annotations

Branches:
Dungeon (7/15)             Temple (1/1) D:5

Altars:
Ashenzari
Cheibriados
Elyvilon
Fedhas
Hepliaklqana
Kikubaaqudgha
Makhleb
Okawaru
Qazlal
Ru
Sif Muna
Trog
Uskayaw
Vehumet
Wu Jian
Xom
Yredelemnul
Zin
The Shining One


Innate Abilities, Weirdness & Mutations

You are too large for most types of armour.
You have claws for hands.
Your natural rate of healing is unusually fast.
You are covered in fur. (AC +1)
You have tough skin. (AC +1)


Message History

The gnoll barely misses you.
You closely miss the gnoll sergeant. You claw the gnoll sergeant!
The gnoll sergeant is heavily wounded.
You scratch the gnoll sergeant.
The gnoll sergeant is severely wounded.
The gnoll hits you with a +0 halberd!
* * * LOW HITPOINT WARNING * * *
The gnoll sergeant hits you with a +0 trident!
* * * LOW HITPOINT WARNING * * *
You scratch the gnoll sergeant but do no damage.
The gnoll sergeant is severely wounded.
The gnoll sergeant closely misses you. The gnoll hits you with a +0 halberd!
* * * LOW HITPOINT WARNING * * *
It was a potion of degeneration.
There was something very wrong with that liquid.
You feel weakened.
You feel dopey.
You feel clumsy. The gnoll hits you but does no damage.
The gnoll sergeant hits you with a +0 trident.
* * * LOW HITPOINT WARNING * * *
It was a potion of heal wounds.
You feel much better. The gnoll sergeant barely misses you.
The gnoll closely misses you.
Okay, then.
You scratch the gnoll sergeant.
The gnoll sergeant is almost dead.
The gnoll hits you with a +0 halberd.
* * * LOW HITPOINT WARNING * * *
The gnoll sergeant misses you.
You feel yourself speed up. The gnoll hits you with a +0 halberd!
* * * LOW HITPOINT WARNING * * *
The gnoll sergeant hits you with a +0 trident.
* * * LOW HITPOINT WARNING * * *
You barely miss the gnoll sergeant.
The gnoll sergeant is almost dead.
The gnoll hits you but does no damage.
The gnoll sergeant hits you with a +0 trident.
* * * LOW HITPOINT WARNING * * *
You scratch the gnoll sergeant.
You kill the gnoll sergeant!
The gnoll hits you with a +0 halberd!
You die...

#.#### ######### #.#...
#........# #####.....
#........# #####........#
#........######.....[.#.####
#...............###..##.#
#........####.......###.##
#..[.....####.#..........###
#.........)@)...######......
### ##.###.##g###### ####.##
....##g[g....h# #..#
...........#### ##.#
...##..#### #.# ......g##
#.. .....## #.. .... #.# .##
#.#


You could see a black bear and a gnoll.

Vanquished Creatures
  A gargoyle (D:7)
  Duvessa (D:6)
  An ogre (D:5)
  A phantom (D:5)
  2 necrophages
  A gnoll sergeant (D:6)
  Dowan (D:6)
  2 jellies
  2 hounds
  5 iguanas
  2 orc wizards (D:5)
  3 gnolls
  4 adders
  A shadow imp (D:6)
  A white imp (D:5)
  3 orcs
  An endoplasm (D:4)
  7 goblins (D:4)
  2 hobgoblins (D:4)
  3 jackals (D:4)
  A kobold (D:4)
  2 ball pythons (D:4)
47 creatures vanquished.

Notes
Turn   | Place    | Note
-------+----------+-------------------------------------------
     0 | D:5      | runemasterragnar the Troll Delver began the quest for the
                  | Orb.
     0 | D:5      | Reached XP level 1. HP: 22/22 MP: 0/0
     4 | D:5      | Noticed an orc wizard
     6 | D:5      | Noticed a necrophage
    10 | D:5      | Noticed an orc wizard
    16 | D:4      | Noticed an iguana
    22 | D:4      | Killed an iguana
    23 | D:4      | Reached XP level 2. HP: 17/29 MP: 1/1
    46 | D:4      | Reached XP level 3. HP: 35/36 MP: 2/2
   323 | D:4      | Reached XP level 4. HP: 42/44 MP: 3/3
   448 | D:4      | Identified the ring "Kufealay" {rC+ rN+ Str+5}
   679 | D:4      | Reached XP level 5. HP: 22/53 MP: 4/4
  1387 | D:5      | Reached XP level 6. HP: 47/62 MP: 5/5
  1752 | D:5      | Reached XP level 7. HP: 62/70 MP: 6/6
  1783 | D:5      | Found a staircase to the Ecumenical Temple.
  1874 | Temple   | Entered the Ecumenical Temple
  2251 | D:6      | Noticed Duvessa
  2255 | D:6      | Noticed Dowan
  2260 | D:6      | Killed Duvessa
  2265 | D:6      | Killed Dowan
  2266 | D:6      | Reached skill level 5 in Unarmed Combat
  2315 | D:7      | Noticed a gargoyle
  2330 | D:7      | Killed a gargoyle
  2331 | D:7      | Reached skill level 5 in Fighting
  2331 | D:7      | Reached XP level 8. HP: 13/80 MP: 7/7
  2484 | D:6      | HP: 2/80 [gnoll sergeant/+0 trident (6)]
  2489 | D:6      | Mangled by a gnoll

Illustrated notes

Levels and vault maps discovered:
D:4:      kennysheep_the_goblin_king, layout_layer_cave
D:5:      layout_basic, minmay_temple_entry_enclosed_plants, due_unseen_surprise
D:6:      layout_rooms, chequers_serial_rivers_micro_e, minmay_three_doors,
          uniq_menkaure, uniq_duvessa
D:7:      layout_loops_corners, mainiacjoe_overflow_concentric_impassable,
          uniq_pikel
Temple:   hellmonk_temple_of_storms

Skill      XL: |  1  2  3  4  5  6  7 |
---------------+----------------------+-----
Dodging        | 2 3 4 |  4.7
Fighting       | 3 4 5 |  5.1
Unarmed Combat | 3 4 5 |  5.7
Stealth        | |  2.9

Action                     |  1- 3 |  4- 6 |  7- 9 || total
---------------------------+-------+-------+-------++-------
  Melee: Unarmed           |    23 |    90 |    35 ||   148
         Punch             |       |     2 |     1 ||     3
    Use: Potion            |       |       |     6 ||     6
   Stab: Sleeping          |     1 |     1 |       ||     2
 Armour: Robe              |     2 |    19 |     6 ||    27
  Dodge: Dodged            |     6 |    39 |    20 ||    65

Table legend: (Time is in decaauts)
 A = Elapsed time spent in this place.
 B = Non-inter-level travel time spent in this place.
 C = Inter-level travel time spent in this place.
 D = Time resting spent in this place.
 E = Time spent auto-exploring this place.
 F = Levels seen in this place.
 G = Mean time per level.
                   A        B        C        D        E       F      G
               +--------+--------+--------+--------+--------+-----+--------+
         Total |   2473 |   2366 |    107 |      0 |   1917 |   5 |  494.6 |
       Dungeon |   2434 |   2327 |    107 |      0 |   1899 |   4 |  608.5 |
        Temple |     39 |     39 |      0 |      0 |     18 |   1 |   39.0 |
               +--------+--------+--------+--------+--------+-----+--------+

Top non-repeatable levels by time:
     D:4: 1355 daAuts
     D:5: 816 daAuts
     D:6: 207 daAuts
     D:7: 54 daAuts
  Temple: 39 daAuts
